 Dungeon Crawl Stone Soup version 0.18.1-48-g4cf74bf (webtiles) character file.

42 CharlesCox the Purveyor of Pain (level 3, -4/24 HPs)
             Began as a Vampire Necromancer on June 24, 2016.
             Was an Initiate of Kikubaaqudgha.
             Slain by a gnoll
             ... wielding a +0 flail
              (14 damage)
             ... on level 3 of the Dungeon.
             The game lasted 00:33:13 (2308 turns).

CharlesCox the Purveyor of Pain (VpNe)              Turns: 2308, Time: 00:33:13

Health: -4/24      AC:  2    Str:  7    XL:     3   Next: 35%
Magic:  2/6        EV: 13    Int: 18    God:    Kikubaaqudgha [......]
Gold:   38         SH:  0    Dex: 14    Spells: 3 memorised, 2 levels left

rFire  . . .     SeeInvis +     (no weapon)
rCold  . . .     Gourm    .     a - +0 robe
rNeg   + . .     Faith    .     (no shield)
rPois  .         Spirit   .     (no helmet)
rElec  .         Dismiss  .     (no cloak)
rCorr  .         Reflect  .     (no gloves)
SustAt .         Harm     .     (no boots)
MR     .....                    (no amulet)
Stlth  ++........               (no ring)
                                (no ring)

@: not resistant to hostile enchantments, unstealthy
A: fangs 3, see invisible, unbreathing
a: Bat Form, Renounce Religion


You were on level 3 of the Dungeon.
You worshipped Kikubaaqudgha.
Kikubaaqudgha was noncommittal.
You were not thirsty.

You visited 1 branch of the dungeon, and saw 3 of its levels.

You collected 38 gold pieces.

Inventory:

Missiles
 j - 7 needles of frenzy
Armour
 a - a +0 robe (worn)
Scrolls
 c - 2 scrolls of identify {unknown}
 g - a scroll of immolation
Potions
 d - a potion of might {unknown}
Books
 b - a book of Necromancy

   Spells                             Type                      Level
   a - Pain                           Necromancy                   1
   b - Animate Skeleton               Necromancy                   1
   c - Vampiric Draining              Necromancy                   3
   d - Regeneration                   Charms/Necromancy            3
   e - Animate Dead                   Necromancy                   4
   f - Control Undead                 Necromancy                   4


   Skills:
 + Level 2.6 Dodging
 + Level 3.1 Stealth
 + Level 2.5 Spellcasting
 + Level 5.0 Necromancy


You had 2 spell levels left.
You knew the following spells:

 Your Spells              Type           Power        Failure   Level  Hunger
a - Pain                  Necr           ###.         1%          1    #......
b - Animate Skeleton      Necr           N/A          1%          1    #......
c - Vampiric Draining     Necr           ###.......   10%         3    ###....


Dungeon Overview and Level Annotations

Branches:
Dungeon (3/15)

Altars:
Gozag
Kikubaaqudgha


Innate Abilities, Weirdness & Mutations

You have razor-sharp teeth.
You have supernaturally acute eyesight.
You can survive without breathing.


Message History

Confirm with . or Enter, or press ? or * to list all spells.
Aiming: Pain
Press: ? - help, Shift-Dir - straight line, f/p - gnoll
Aim: a gnoll, wielding a flail (almost dead, chance to defeat MR: 85%)
The gnoll convulses in agony!
You kill the gnoll!
Kikubaaqudgha accepts your kill.
Your Necromancy skill increases to level 5!
The gnoll shouts!
Casting: Pain
Confirm with . or Enter, or press ? or * to list all spells.
Aiming: Pain
Press: ? - help, Shift-Dir - straight line, f - gnoll
Aim: a gnoll, wielding a flail (chance to defeat MR: 85%)
The gnoll convulses in agony!
Okay, then.
You fail to use your ability.
The gnoll hits you with a flail!
Ouch! That really hurt!
You die...
Kikubaaqudgha rasps: "You have failed me!
Welcome... oblivion!"

####### #.g.g.#
#.###.# #.#
#.######## #+#
#g###.gg@....# #..
#.(...######.#
##(###.#.### #.#
####..K##)#.# #.#
........).<.#####
#.#
.###...#.........g
#.#
##.##..#.#####.
#.# ... #..#g# #.#
.### #..#.# #.#


You could see 2 gnolls.

Vanquished Creatures
  An adder (D:2)
  A gnoll (D:3)
  A giant gecko (D:2)
  A giant cockroach (D:2)
  3 goblins (D:1)
  2 hobgoblins
  3 jackals (D:1)
  4 kobolds
  A quokka (D:2)
  3 bats
  2 giant newts (D:1)
  2 rats (D:1)
24 creatures vanquished.

Vanquished Creatures (collateral kills)
  A hobgoblin (D:1)
  A jackal (D:1)
2 creatures vanquished.

Grand Total: 26 creatures vanquished

Notes
Turn   | Place    | Note
--------------------------------------------------------------
     0 | D:1      | CharlesCox the Vampire Necromancer began the quest for the Orb.
     0 | D:1      | Reached XP level 1. HP: 13/13 MP: 3/3
    20 | D:1      | Learned a level 1 spell: Animate Skeleton
   701 | D:1      | Reached XP level 2. HP: 13/19 MP: 1/5
  1823 | D:2      | Reached XP level 3. HP: 24/24 MP: 4/6
  1828 | D:2      | Learned a level 3 spell: Vampiric Draining
  1888 | D:2      | Found an ancient bone altar of Kikubaaqudgha.
  1897 | D:2      | Became a worshipper of Kikubaaqudgha
  1974 | D:2      | Found an opulent altar of Gozag.
  2292 | D:3      | Reached skill level 5 in Necromancy
  2308 | D:3      | Slain by a gnoll

Skill      XL: |  1  2  3 |
---------------+----------+-----
Necromancy     | 5 |  5.0
Dodging        | |  2.6
Stealth        | |  3.1
Spellcasting   | |  2.5

Action                   || total
-------------------------++-------
Melee: Unarmed           ||    17
Throw: Stone             ||     2
 Cast: Pain              ||    35
       Animate Skeleton  ||     9
       Vampiric Draining ||     2
 Abil: End Transformatio ||     2
       Bat Form          ||     2
  Use: Potion            ||     5
       Scroll            ||     1
  Eat: Corpse            ||     4
Armor: Robe              ||     9
Dodge: Dodged            ||    33
